TOP OF THE 1ST |
New York Mets batting - Pitching for Milwaukee Brewers : RHP Cody Autry
|
Pitching: RHP Cody Autry
|
|
Batting: SHB Gus Berry
|
0-0: Ball 1-0: Foul Ball, location: 2F 1-1: SINGLE (Line Drive, 4D, EV 97.5 MPH)
|
Batting: SHB Javy Rosa
|
0-0: Ball 1-0: Called Strike 1-1: Ball 2-1: Foul Ball, location: 2F 2-2: Ball 3-2: Base on Balls Gus Berry to second
|
Batting: SHB Nelle van den Berg
|
0-0: Ball 1-0: Ball 2-0: Ball 3-0: Reached on error, E5 (Groundball, 56, EV 104.4 MPH) Gus Berry to third Javy Rosa to second
|
Batting: SHB Kaname Fujimoto
|
0-0: Fly out, F7 (Line Drive, 7D, EV 94.4 MPH) Runner from 3rd tags up, SCORES, no throw by LF
|
Batting: SHB Johnny Diaz
|
0-0: Called Strike 0-1: Ball 1-1: Ball 2-1: Ball 3-1: Called Strike 3-2: Foul Ball, location: 2F 3-2: Foul Ball, location: 2F 3-2: Foul Ball, location: 2F 3-2: Foul Ball, location: 2F 3-2: Strikes out looking
|
Batting: LHB Timo Gomez
|
0-0: Ball 1-0: Called Strike 1-1: Ground out 4-3 (Groundball, 34D, EV 103.1 MPH)
|
Top of the 1st over - 1 run, 1 hit, 1 error, 2 left on base; New York 1 - Milwaukee 0 |
BOTTOM OF THE 1ST |
Milwaukee Brewers batting - Pitching for New York Mets : LHP Lewis Thorpe Jr.
|
Pitching: LHP Lewis Thorpe Jr.
|
|
Batting: RHB Jason Gee
|
0-0: Ball 1-0: Ground out 6-3 (Groundball, 6M, EV 86.9 MPH)
|
Batting: RHB Kisho Ito
|
0-0: DOUBLE (Groundball, 5L, EV 103.8 MPH)
|
Batting: RHB Adriaan Pieters
|
0-0: Ball 1-0: Called Strike Kisho Ito steals 3rd base 1-1: Foul Ball, location: 2F 1-2: Ball 2-2: Strikes out swinging
|
Batting: RHB Daniel Donovan
|
0-0: Ball 1-0: Called Strike 1-1: Fly out, F9 (Flyball, 89M, EV 85.6 MPH)
|
Bottom of the 1st over - 0 runs, 1 hit, 0 errors, 1 left on base; New York 1 - Milwaukee 0 |
TOP OF THE 2ND |
New York Mets batting - Pitching for Milwaukee Brewers : RHP Cody Autry
|
Batting: SHB Tomas Caldera
|
0-0: Called Strike 0-1: Ball 1-1: Called Strike 1-2: Ball 2-2: Foul Ball, location: 2F 2-2: Ball 3-2: Ground out 5-3 (Groundball, 56, EV 86.9 MPH)
|
Batting: SHB Scott Scott
|
0-0: Ball 1-0: Called Strike 1-1: Called Strike 1-2: Strikes out looking
|
Batting: SHB Scott Bartholomew
|
0-0: Ball 1-0: Ball 2-0: Ball 3-0: Called Strike 3-1: Called Strike 3-2: Strikes out looking
|
Top of the 2nd over - 0 runs, 0 hits, 0 errors, 0 left on base; New York 1 - Milwaukee 0 |
BOTTOM OF THE 2ND |
Milwaukee Brewers batting - Pitching for New York Mets : LHP Lewis Thorpe Jr.
|
Batting: RHB Yuichi Matsuoka
|
0-0: Swinging Strike 0-1: SOLO HOME RUN (Flyball, 7LD, EV 93.8 MPH), Distance : 364 ft
|
Batting: RHB Emilio Gallegos
|
0-0: Ball 1-0: Hit by Pitch, AND HE CHARGES THE MOUND! The benches clear!
|
Pitching: RHP Victor Morin
|
|
Pinch Runner at 1st Jason Woods:
|
|
Batting: LHB Jeff Taylor
|
0-0: Ball 1-0: Foul Ball, location: 2F 1-1: Fly out, F7 (Flyball, 7S, EV 91.9 MPH)
|
Batting: RHB Noah Stanley
|
0-0: Ball Jason Woods is caught stealing 2nd base 2-4 1-0: Foul Ball, location: 2F 1-1: Fly out, F9 (Flyball, 9LM, EV 86.2 MPH)
|
Bottom of the 2nd over - 1 run, 1 hit, 0 errors, 0 left on base; New York 1 - Milwaukee 1 |
TOP OF THE 3RD |
New York Mets batting - Pitching for Milwaukee Brewers : RHP Cody Autry
|
Now in CF: Jason Woods
|
|
Batting: SHB Gus Berry
|
0-0: Called Strike 0-1: Foul Ball, location: 2F 0-2: Strikes out looking
|
Batting: SHB Javy Rosa
|
0-0: Called Strike 0-1: Ball 1-1: Called Strike 1-2: Foul Ball, location: 2F 1-2: Ball 2-2: Strikes out swinging
|
Batting: SHB Nelle van den Berg
|
0-0: Foul Ball, location: 2F 0-1: Foul Ball, location: 2F 0-2: Ground out 5-3 (Groundball, 56, EV 78.8 MPH)
|
Top of the 3rd over - 0 runs, 0 hits, 0 errors, 0 left on base; New York 1 - Milwaukee 1 |
BOTTOM OF THE 3RD |
Milwaukee Brewers batting - Pitching for New York Mets : RHP Victor Morin
|
Batting: RHB Ben Campbell
|
0-0: Ground out 1-3 (Groundball, 13S, EV 71.9 MPH)
|
Batting: RHB Jason Gee
|
0-0: Fly out, F3 (Popup, 3SF, EV 71.2 MPH)
|
Batting: RHB Kisho Ito
|
0-0: Ball 1-0: SINGLE (Line Drive, 78S, EV 107.5 MPH)
|
Batting: RHB Adriaan Pieters
|
0-0: Ball Kisho Ito steals 2nd base 1-0: Ball 2-0: Called Strike 2-1: Fly out, F9 (Line Drive, 9, EV 91.2 MPH)
|
Bottom of the 3rd over - 0 runs, 1 hit, 0 errors, 1 left on base; New York 1 - Milwaukee 1 |
TOP OF THE 4TH |
New York Mets batting - Pitching for Milwaukee Brewers : RHP Cody Autry
|
Batting: SHB Kaname Fujimoto
|
0-0: Ball 1-0: Swinging Strike 1-1: Fly out, F8 (Flyball, 8LXD, EV 100.0 MPH)
|
Batting: SHB Johnny Diaz
|
0-0: Ball 1-0: Foul Ball, location: 2F 1-1: Foul Ball, location: 2F 1-2: Ball 2-2: Foul Ball, location: 2F 2-2: Ball 3-2: Strikes out swinging
|
Batting: LHB Timo Gomez
|
0-0: Ball 1-0: Ball 2-0: Ball 3-0: Base on Balls
|
Batting: SHB Tomas Caldera
|
0-0: Called Strike 0-1: Ball 1-1: Called Strike 1-2: Ground out 2-3 (Groundball, 15S, EV 71.2 MPH)
|
Top of the 4th over - 0 runs, 0 hits, 0 errors, 1 left on base; New York 1 - Milwaukee 1 |
BOTTOM OF THE 4TH |
Milwaukee Brewers batting - Pitching for New York Mets : RHP Victor Morin
|
Batting: RHB Daniel Donovan
|
0-0: Ball 1-0: Ball 2-0: Ball 3-0: Called Strike 3-1: Called Strike 3-2: Foul Ball, location: 2F 3-2: Fly out, F3 (Popup, 3F, EV 76.2 MPH)
|
Batting: RHB Yuichi Matsuoka
|
0-0: Called Strike 0-1: Swinging Strike 0-2: Ground out 4-3 (Groundball, 4M, EV 77.5 MPH)
|
Batting: SHB Jason Woods
|
0-0: Called Strike 0-1: Ground out U3 (Groundball, 3, EV 86.2 MPH)
|
Bottom of the 4th over - 0 runs, 0 hits, 0 errors, 0 left on base; New York 1 - Milwaukee 1 |
TOP OF THE 5TH |
New York Mets batting - Pitching for Milwaukee Brewers : RHP Cody Autry
|
Batting: SHB Scott Scott
|
0-0: Ball 1-0: Foul Ball, location: 2F 1-1: Called Strike 1-2: Foul Ball, location: 2F 1-2: Ball 2-2: Strikes out looking
|
Batting: SHB Scott Bartholomew
|
0-0: Foul Ball, location: 2F 0-1: Swinging Strike 0-2: Ball 1-2: Ball 2-2: Foul Ball, location: 2F 2-2: Ball 3-2: Foul Ball, location: 2F 3-2: Base on Balls
|
Batting: SHB Gus Berry
|
0-0: Called Strike 0-1: SINGLE (Groundball, 56D, EV 105.0 MPH) Scott Bartholomew to second
|
Batting: SHB Javy Rosa
|
0-0: Called Strike 0-1: Foul Ball, location: 2F 0-2: Foul Ball, location: 2F 0-2: Ball 1-2: Ball 2-2: Foul Ball, location: 2F 2-2: Strikes out swinging
|
Batting: SHB Nelle van den Berg
|
0-0: Swinging Strike 0-1: Ball 1-1: Ball 2-1: Ground out 4-3 (Groundball, 4, EV 78.1 MPH)
|
Top of the 5th over - 0 runs, 1 hit, 0 errors, 2 left on base; New York 1 - Milwaukee 1 |
BOTTOM OF THE 5TH |
Milwaukee Brewers batting - Pitching for New York Mets : RHP Victor Morin
|
Batting: LHB Jeff Taylor
|
0-0: Ball 1-0: Foul Ball, location: 2F 1-1: SOLO HOME RUN (Flyball, 9LD, EV 104.4 MPH) (Inside the Park)
|
Batting: RHB Noah Stanley
|
0-0: Ball 1-0: Ball 2-0: Ball 3-0: Base on Balls
|
Batting: RHB Ben Campbell
|
0-0: Ball 1-0: Ball 2-0: Swinging Strike 2-1: Foul Ball, location: 2F 2-2: SINGLE (Groundball, 34D, EV 99.4 MPH) Noah Stanley to second Runner from 2nd tries for 3rd, SAFE, throw by RF made to third
|
Batting: RHB Jason Gee
|
0-0: Called Strike 0-1: Foul Ball, location: 2F 0-2: Ball 1-2: Ball 2-2: Foul Ball, location: 2F 2-2: Foul Ball, location: 2F 2-2: Fly out, F9 (Flyball, 9LD, EV 93.1 MPH) Runner from 3rd tags up, SCORES, no throw by RF
|
Pitching: LHP Xu-gang Zhou
|
|
Batting: RHB Kisho Ito
|
0-0: Ball 1-0: Called Strike 1-1: Called Strike 1-2: Foul Ball, location: 2F 1-2: Strikes out swinging
|
Batting: RHB Adriaan Pieters
|
0-0: Called Strike 0-1: Called Strike 0-2: Strikes out swinging
|
Bottom of the 5th over - 2 runs, 2 hits, 0 errors, 1 left on base; New York 1 - Milwaukee 3 |
TOP OF THE 6TH |
New York Mets batting - Pitching for Milwaukee Brewers : RHP Cody Autry
|
Pitching: RHP Jose Avila
|
|
Batting: SHB Kaname Fujimoto
|
0-0: Ball 1-0: Foul Ball, location: 2F 1-1: Ball 2-1: SINGLE (Line Drive, 78M, EV 99.4 MPH)
|
Batting: SHB Johnny Diaz
|
0-0: Ball 1-0: Called Strike Kaname Fujimoto steals 2nd base 1-1: Ball 2-1: Swinging Strike 2-2: Ball 3-2: Fly out, F8 (Flyball, 8RD, EV 96.2 MPH)
|
Batting: LHB Timo Gomez
|
0-0: Ball 1-0: Ball 2-0: Ball 3-0: Base on Balls
|
Batting: SHB Tomas Caldera
|
0-0: Called Strike Kaname Fujimoto steals 3rd base Timo Gomez to second 0-1: Ball 1-1: Ground out 4-3 (Groundball, 4M, EV 88.1 MPH) Kaname Fujimoto scores Timo Gomez to third
|
Batting: SHB Scott Scott
|
0-0: Fly out, F4 (Popup, 3DF, EV 50.6 MPH)
|
Top of the 6th over - 1 run, 1 hit, 0 errors, 1 left on base; New York 2 - Milwaukee 3 |
BOTTOM OF THE 6TH |
Milwaukee Brewers batting - Pitching for New York Mets : LHP Xu-gang Zhou
|
Batting: RHB Daniel Donovan
|
0-0: Ball 1-0: Called Strike 1-1: Foul Ball, location: 2F 1-2: Ball 2-2: Fly out, F9 (Line Drive, 9, EV 101.2 MPH)
|
Batting: RHB Yuichi Matsuoka
|
0-0: Called Strike 0-1: Called Strike 0-2: Ground out 6-3 (Groundball, 6M, EV 90.6 MPH)
|
Batting: SHB Jason Woods
|
0-0: Ball 1-0: Ball 2-0: SOLO HOME RUN (Flyball, 7D, EV 100.6 MPH), Distance : 385 ft
|
Batting: LHB Jeff Taylor
|
0-0: Ball 1-0: Ball 2-0: Swinging Strike 2-1: SOLO HOME RUN (Flyball, 8RXD, EV 110.0 MPH), Distance : 411 ft
|
Batting: RHB Noah Stanley
|
0-0: Ball 1-0: Called Strike 1-1: Called Strike 1-2: Strikes out swinging
|
Bottom of the 6th over - 2 runs, 2 hits, 0 errors, 0 left on base; New York 2 - Milwaukee 5 |
TOP OF THE 7TH |
New York Mets batting - Pitching for Milwaukee Brewers : RHP Jose Avila
|
Batting: SHB Scott Bartholomew
|
0-0: Ball 1-0: Foul Ball, location: 2F 1-1: Called Strike 1-2: Strikes out swinging
|
Batting: SHB Gus Berry
|
0-0: Ball 1-0: Ball 2-0: Ball 3-0: Called Strike 3-1: Base on Balls
|
Batting: SHB Javy Rosa
|
0-0: Ball 1-0: Ball 2-0: Called Strike 2-1: Ball 3-1: Called Strike 3-2: Foul Ball, location: 2F 3-2: SINGLE (Groundball, 34D, EV 103.1 MPH) Gus Berry to second Runner from 2nd tries for 3rd, SAFE, throw by RF made to third Javy Rosa to second
|
Batting: SHB Nelle van den Berg
|
0-0: Ball 1-0: 3-RUN HOME RUN (Flyball, 9D, EV 98.1 MPH), Distance : 390 ft
|
Pitching: RHP Willie Felix
|
|
Batting: SHB Kaname Fujimoto
|
0-0: Ball 1-0: Foul Ball, location: 2F 1-1: Ball 2-1: Foul Ball, location: 2F 2-2: Strikes out swinging
|
Batting: SHB Johnny Diaz
|
0-0: Ball 1-0: Called Strike 1-1: Called Strike 1-2: Strikes out swinging
|
Top of the 7th over - 3 runs, 2 hits, 0 errors, 0 left on base; New York 5 - Milwaukee 5 |
BOTTOM OF THE 7TH |
Milwaukee Brewers batting - Pitching for New York Mets : LHP Xu-gang Zhou
|
Pitching: LHP Chris Thurner
|
|
Batting: RHB Ben Campbell
|
0-0: Foul Ball, location: 2F 0-1: Called Strike 0-2: Ball 1-2: Foul Ball, location: 2F 1-2: Strikes out swinging
|
Batting: RHB Jason Gee
|
0-0: Ball 1-0: Ball 2-0: Ball 3-0: Base on Balls
|
Batting: RHB Kisho Ito
|
0-0: SINGLE (Groundball, 56D, EV 104.4 MPH) Jason Gee to second
|
Batting: RHB Adriaan Pieters
|
0-0: Grounds into double play, 4-6-3 (Groundball, 34, EV 77.5 MPH)
|
Bottom of the 7th over - 0 runs, 1 hit, 0 errors, 1 left on base; New York 5 - Milwaukee 5 |
TOP OF THE 8TH |
New York Mets batting - Pitching for Milwaukee Brewers : RHP Willie Felix
|
Pinch Hitting: SHB Sean Cook
|
0-0: Called Strike 0-1: Foul Ball, location: 2F 0-2: Strikes out swinging
|
Batting: SHB Tomas Caldera
|
0-0: Ball 1-0: Foul Ball, location: 2F 1-1: Ball 2-1: Ground out 4-3 (Groundball, 4M, EV 83.1 MPH)
|
Batting: SHB Scott Scott
|
0-0: Swinging Strike 0-1: Ball 1-1: Swinging Strike 1-2: Ball 2-2: Strikes out swinging
|
Top of the 8th over - 0 runs, 0 hits, 0 errors, 0 left on base; New York 5 - Milwaukee 5 |
BOTTOM OF THE 8TH |
Milwaukee Brewers batting - Pitching for New York Mets : LHP Chris Thurner
|
Pitching: RHP Ron Hawkins
|
|
Now in RF: Sean Cook
|
|
Batting: RHB Daniel Donovan
|
0-0: Called Strike 0-1: Ball 1-1: Ball 2-1: Fly out, F8 (Flyball, 8RD, EV 105.0 MPH)
|
Batting: RHB Yuichi Matsuoka
|
0-0: Ball 1-0: Ball 2-0: Foul Ball, location: 2F 2-1: Ball 3-1: Foul Ball, location: 2F 3-2: Base on Balls
|
Batting: SHB Jason Woods
|
0-0: Foul Ball, location: 2F 0-1: Ball 1-1: Ball 2-1: Foul Ball, location: 2F 2-2: Strikes out swinging
|
Batting: LHB Jeff Taylor
|
0-0: Ball 1-0: Called Strike 1-1: Fly out, F7 (Flyball, 7S, EV 71.9 MPH)
|
Bottom of the 8th over - 0 runs, 0 hits, 0 errors, 1 left on base; New York 5 - Milwaukee 5 |
TOP OF THE 9TH |
New York Mets batting - Pitching for Milwaukee Brewers : RHP Willie Felix
|
Batting: SHB Scott Bartholomew
|
0-0: Called Strike 0-1: Foul Ball, location: 2F 0-2: Ball 1-2: Ball 2-2: Ball 3-2: Foul Ball, location: 2F 3-2: Foul Ball, location: 2F 3-2: Strikes out swinging
|
Batting: SHB Gus Berry
|
0-0: Called Strike 0-1: Called Strike 0-2: Strikes out swinging
|
Batting: SHB Javy Rosa
|
0-0: Ball 1-0: Fly out, F8 (Flyball, 8RM, EV 90.0 MPH)
|
Top of the 9th over - 0 runs, 0 hits, 0 errors, 0 left on base; New York 5 - Milwaukee 5 |
BOTTOM OF THE 9TH |
Milwaukee Brewers batting - Pitching for New York Mets : RHP Ron Hawkins
|
Pitching: LHP Sam Schrecengost
|
|
Batting: RHB Noah Stanley
|
0-0: Ball 1-0: Ball 2-0: Foul Ball, location: 2F 2-1: Ball 3-1: Base on Balls
|
Batting: RHB Ben Campbell
|
0-0: Grounds into double play, 6-4-3 (Groundball, 56D, EV 88.1 MPH)
|
Batting: RHB Jason Gee
|
0-0: Ball 1-0: Fly out, F7 (Flyball, 7LM, EV 103.1 MPH)
|
Bottom of the 9th over - 0 runs, 0 hits, 0 errors, 0 left on base; New York 5 - Milwaukee 5 |
TOP OF THE 10TH |
New York Mets batting - Pitching for Milwaukee Brewers : RHP Willie Felix
|
Pitching: RHP Max Blankenship
|
|
Batting: SHB Nelle van den Berg
|
0-0: Ball 1-0: Swinging Strike 1-1: Ball 2-1: Foul Ball, location: 2F 2-2: Foul Ball, location: 2F 2-2: Fly out, F5 (Popup, 5S, EV 84.4 MPH)
|
Batting: SHB Kaname Fujimoto
|
0-0: Called Strike 0-1: Ball 1-1: Foul Ball, location: 2F 1-2: Strikes out swinging
|
Batting: SHB Johnny Diaz
|
0-0: Called Strike 0-1: Ball 1-1: DOUBLE (Line Drive, 89XD, EV 103.8 MPH)
|
Batting: SHB Sean Cook
|
0-0: Intentional Walk
|
Batting: SHB Tomas Caldera
|
0-0: Swinging Strike 0-1: Foul Ball, location: 2F 0-2: Strikes out swinging
|
Top of the 10th over - 0 runs, 1 hit, 0 errors, 2 left on base; New York 5 - Milwaukee 5 |
BOTTOM OF THE 10TH |
Milwaukee Brewers batting - Pitching for New York Mets : LHP Sam Schrecengost
|
Batting: RHB Kisho Ito
|
0-0: Ground out 5-3 (Groundball, 56, EV 100.0 MPH)
|
Batting: RHB Adriaan Pieters
|
0-0: Ball 1-0: Ball 2-0: Fly out, F8 (Flyball, 8RXD, EV 83.8 MPH)
|
Batting: RHB Daniel Donovan
|
0-0: DOUBLE (Flyball, 9LD, EV 91.9 MPH)
|
Batting: RHB Yuichi Matsuoka
|
0-0: Ball 1-0: Called Strike 1-1: Swinging Strike 1-2: Ball 2-2: Ball 3-2: Ground out 5-3 (Groundball, 56, EV 98.1 MPH)
|
Bottom of the 10th over - 0 runs, 1 hit, 0 errors, 1 left on base; New York 5 - Milwaukee 5 |
TOP OF THE 11TH |
New York Mets batting - Pitching for Milwaukee Brewers : RHP Max Blankenship
|
Pinch Hitting: SHB Jonathan Jenkins
|
0-0: Foul Ball, location: 2F 0-1: Fly out, F9 (Line Drive, 9, EV 93.1 MPH)
|
Batting: SHB Scott Bartholomew
|
0-0: Called Strike 0-1: Swinging Strike 0-2: Ground out 6-3 (Groundball, 6, EV 90.6 MPH)
|
Batting: SHB Gus Berry
|
0-0: Foul Ball, location: 2F 0-1: Called Strike 0-2: Ball 1-2: Ball 2-2: Ball 3-2: SINGLE (Groundball, 56, EV 93.8 MPH)
|
Pitching: RHP John York
|
|
Batting: SHB Javy Rosa
|
0-0: 2-RUN HOME RUN (Flyball, 9D, EV 100.6 MPH), Distance : 379 ft
|
Batting: SHB Nelle van den Berg
|
0-0: Ball 1-0: Ball 2-0: Called Strike 2-1: Foul Ball, location: 2F 2-2: Foul Ball, location: 2F 2-2: Strikes out swinging
|
Top of the 11th over - 2 runs, 2 hits, 0 errors, 0 left on base; New York 7 - Milwaukee 5 |
BOTTOM OF THE 11TH |
Milwaukee Brewers batting - Pitching for New York Mets : LHP Sam Schrecengost
|
Now at 2B: Jonathan Jenkins
|
|
Batting: SHB Jason Woods
|
0-0: Foul Ball, location: 2F 0-1: Ball 1-1: Ball 2-1: Ball 3-1: Called Strike 3-2: Fly out, F8 (Flyball, 8LS, EV 96.2 MPH)
|
Pinch Hitting: RHB Adrian Rudkilde
|
0-0: Called Strike 0-1: DOUBLE (Flyball, 78XD, EV 106.2 MPH)
|
Pitching: RHP Justin Howard
|
|
Batting: RHB Noah Stanley
|
0-0: Swinging Strike 0-1: Ball 1-1: SINGLE (Groundball, 6MD, EV 105.6 MPH) (infield hit) Adrian Rudkilde to third
|
Pinch Hitting: SHB Jean-François Bernard
|
0-0: Foul Ball, location: 2F 0-1: Foul Ball, location: 2F 0-2: Ball 1-2: Foul Ball, location: 2F 1-2: Ball 2-2: Strikes out looking
|
Batting: RHB Jason Gee
|
0-0: Swinging Strike 0-1: Ball 1-1: Ground out 3-1 (Groundball, 34S, EV 90.0 MPH)
|
Bottom of the 11th over - 0 runs, 2 hits, 0 errors, 2 left on base; New York 7 - Milwaukee 5 |
|